Map: Ruins of Endion

Players

Lars - Winner!

  • Race: Protoss Protoss
  • League: Master

BamBam

  • Race: Terran Terran
  • League: Grandmaster

VOD

Have the link to the VOD?

Description

vs GM

Time

  • Played on: April 27, 2016, 11:55 a.m.
  • Length: 13:16
Show
View Real Time Build Order
Export as new Build Order

Lars Protoss - Winner!

Build Orders: 1 Gate Expand, Blink Stalkers 

Get SALT Encoding   

  12  0:01  Probe (Chrono Boost)  
  13  0:11  Probe (Chrono Boost)  
  14  0:18  Pylon  
  14  0:22  Probe (Chrono Boost)  
  15  0:36  Probe (Chrono Boost)  
  15  0:38  Gateway  
  16  0:44  Assimilator  
  16  0:47  Probe (Chrono Boost)  
  17  0:58  Probe (Chrono Boost)  
  18  1:08  Probe (Chrono Boost)  
  19  1:24  Nexus  
  19  1:33  Cybernetics Core  
  19  1:41  Assimilator  
  19  1:42  Probe (Chrono Boost)  
  20  1:49  Pylon  
  20  1:52  Probe (Chrono Boost)  
  21  2:03  Probe (Chrono Boost)  
  22  2:09  Stalker (Chrono Boost)  
  22  2:11  Warp Gate  
  22  2:14  Probe  
  25  2:26  Probe  
  26  2:36  Stalker (Chrono Boost)  
  27  2:38  Probe  
  27  2:42  Probe  
  29  2:50  Probe  
  30  2:52  Probe  
  31  2:59  Twilight Council  
  31  3:02  Probe (Chrono Boost)  
  31  3:03  Probe (Chrono Boost)  
  33  3:10  Stalker (Chrono Boost)  
  34  3:14  Probe (Chrono Boost)  
  34  3:16  Probe (Chrono Boost)  
  36  3:25  Probe (Chrono Boost)  
  36  3:26  Probe (Chrono Boost)  
  38  3:30  Blink (Chrono Boost)  
  38  3:35  Probe (Chrono Boost)  
  38  3:37  Probe (Chrono Boost)  
  40  3:44  Robotics Facility  
  40  3:48  Probe (Chrono Boost)  
  41  3:49  Probe (Chrono Boost)  
  42  3:58  Probe (Chrono Boost)  
  42  3:59  Gateway  
  42  4:00  Gateway  
  42  4:02  Probe (Chrono Boost)  
  46  4:12  Pylon  
  46  4:15  Pylon  
  46  4:19  Probe (Chrono Boost)  
  45  4:29  Observer (Chrono Boost)  
  45  4:30  Probe (Chrono Boost)  
  48  4:32  Pylon, Mothership Core (Chrono Boost)  
  48  4:38  Stalker, Assimilator  
  49  4:41  Probe (Chrono Boost)  
  49  4:42  Assimilator  
  52  4:45  Nexus  
  52  4:48  Observer  
  54  4:53  Probe (Chrono Boost)  
  54  4:56  Probe (Chrono Boost)  
  55  5:04  Probe (Chrono Boost)  
  55  5:06  Pylon  
  56  5:08  Observer  
  56  5:11  Stalker x3  
  64  5:14  Probe (Chrono Boost)  
  64  5:15  Probe (Chrono Boost)  
  64  5:20  Pylon  
  65  5:25  Probe (Chrono Boost)  
  65  5:26  Probe (Chrono Boost)  
  67  5:35  Stalker x3  
  72  5:47  Probe (Chrono Boost)  
  73  5:52  Immortal  
  77  5:58  Stalker  
  77  5:59  Stalker x2  
  83  6:06  Probe (Chrono Boost)  
  82  6:13  Probe (Chrono Boost)  
  82  6:15  Probe (Chrono Boost)  
  82  6:18  Mothership Core (Chrono Boost), Charge (Chrono Boost)  
  86  6:20  Forge  
  86  6:23  Probe (Chrono Boost)  
  86  6:25  Probe (Chrono Boost)  
  88  6:32  Probe  
  88  6:34  Probe, Forge  
  88  6:37  Probe, Gateway  
  90  6:46  Probe  
  86  6:47  Probe  
  86  6:49  Probe  
  86  6:53  Protoss Ground Armor Level 1 (Chrono Boost)  
  89  6:54  Immortal  
  89  6:56  Probe  
  89  6:59  Probe  
  95  7:03  Stalker x3  
  95  7:05  Gateway  
  101  7:08  Gateway  
  101  7:11  Protoss Ground Weapons Level 1 (Chrono Boost)  
  101  7:18  Assimilator  
  101  7:21  Assimilator  
  101  7:28  Pylon  
  101  7:32  Pylon  
  101  7:35  Pylon  
  101  7:42  Immortal  
  101  7:43  Gateway  
  101  7:45  Probe  
  101  7:46  Probe x2 (Chrono Boost)  
  101  7:47  Gateway  
  101  7:50  Pylon x2  
  108  7:53  Sentry x2  
  108  7:54  Zealot  
  115  7:58  Probe (Chrono Boost)  
  115  8:06  Zealot x3  
  115  8:10  Pylon  
  115  8:11  Gateway  
  121  8:15  Gateway  
  121  8:22  Templar Archives  
  115  8:41  Stalker x6  
  125  8:56  Zealot  
  127  9:07  Zealot x3  
  127  9:08  Zealot x2  
  137  9:11  Probe (Chrono Boost)  
  137  9:14  Pylon  
  137  9:16  Protoss Ground Armor Level 2 (Chrono Boost), Pylon  
  138  9:20  Psionic Storm  
  138  9:22  Protoss Ground Weapons Level 2 (Chrono Boost)  
  138  9:26  Zealot x3  
  144  9:36  Pylon  
  144  9:38  Pylon  
  144  9:40  Pylon  
  148  9:45  Immortal  
  148  9:50  Zealot  
  148  9:51  Zealot x6  
  162  10:00  High Templar  
  164  10:10  Nexus  
  164  10:16  High Templar x7  
  177  10:23  Gateway  
  177  10:25  Gateway  
  177  10:31  Pylon  
  177  10:35  Archon x2  
  176  10:36  Archon  
  174  10:48  Zealot x4  
  172  10:53  Zealot  
  172  10:54  Zealot x3  
  150  11:08  Zealot x2  
  150  11:09  Zealot x2  
  146  11:12  Probe  
  146  11:13  Probe  
  144  11:25  Nexus  
  144  11:28  High Templar  
  144  11:29  High Templar x5  
  156  11:35  Pylon  
  156  11:36  Mothership Core  
  156  11:37  Pylon  
  158  11:40  Zealot x3  
  158  11:41  Zealot  
  158  11:44  Archon  
  166  11:48  Probe  
  166  11:51  Immortal  
  171  12:03  High Templar  
  171  12:05  High Templar  
  175  12:12  Pylon  
  171  12:15  Pylon  
  159  12:25  Zealot x8  
  173  12:30  Immortal  
  177  12:43  Zealot x2  
  157  12:48  Zealot  
  159  12:55  Probe  
  144  13:08  Zealot x5  
  144  13:09  Zealot x5  
Show
View Real Time Build Order
Export as new Build Order

BamBam Terran 

Build Orders: Reaper Expand, MMM Bio 

Get SALT Encoding   

  12  0:00  SCV  
  13  0:12  SCV  
  14  0:17  Supply Depot  
  14  0:25  SCV  
  15  0:39  SCV  
  15  0:40  Barracks  
  16  0:45  Refinery  
  16  0:51  SCV  
  17  1:03  SCV  
  18  1:15  SCV  
  19  1:27  Orbital Command  
  19  1:29  Reaper  
  20  1:44  Command Center  
  20  1:53  SCV  
  21  1:59  Supply Depot  
  21  2:01  Barracks Reactor  
  21  2:14  SCV  
  22  2:21  Refinery  
  22  2:30  Factory  
  21  2:40  SCV  
  21  2:43  Marine x2  
  24  2:52  SCV  
  25  3:00  Marine x2  
  27  3:11  SCV  
  28  3:16  Widow Mine  
  28  3:17  Starport  
  28  3:18  Orbital Command  
  30  3:22  Marine x2  
  30  3:23  SCV  
  32  3:35  SCV  
  32  3:40  Marine x2  
  35  3:45  Factory Tech Lab  
  35  3:48  SCV x2  
  37  3:56  Medivac  
  37  3:59  Barracks  
  37  4:01  Marine x2  
  37  4:02  SCV x2  
  43  4:13  Siege Tank  
  46  4:21  Supply Depot  
  46  4:23  Supply Depot  
  46  4:30  Starport Reactor  
  46  4:43  SCV x2, Marine x2  
  50  4:47  Barracks Tech Lab  
  50  4:48  Command Center  
  50  4:52  Siege Tank  
  53  4:55  SCV x2  
  55  5:07  SCV x2, Stimpack, Marine x3  
  60  5:28  Marine x2  
  60  5:32  Supply Depot  
  60  5:33  Supply Depot, Engineering Bay  
  60  5:34  Engineering Bay  
  62  5:49  SCV  
  62  5:53  Marine  
  62  5:54  SCV  
  63  6:06  SCV  
  61  6:14  Marine  
  61  6:15  Marauder, Marine  
  61  6:16  Medivac x2  
  57  6:20  Terran Infantry Armor Level 1, Terran Infantry Weapons Level 1  
  57  6:22  Siege Tank  
  57  6:25  Orbital Command  
  60  6:26  Refinery  
  60  6:27  Refinery  
  60  6:34  Barracks  
  59  6:50  SCV x2  
  61  6:54  Marauder, Marine x2  
  65  7:01  Medivac x2  
  65  7:02  Barracks  
  65  7:03  Barracks  
  65  7:05  SCV x3  
  72  7:14  Marine x2  
  74  7:16  Siege Tank  
  74  7:17  SCV  
  74  7:18  SCV  
  79  7:26  Barracks Tech Lab  
  79  7:27  Marauder  
  81  7:35  Missile Turret  
  81  7:39  Armory, Marine x2  
  81  7:43  Combat Shields  
  83  7:45  Marine  
  83  7:48  Marine  
  85  7:56  Barracks Tech Lab, Barracks Reactor  
  85  8:04  Marauder, Marine x2  
  89  8:06  Marauder  
  89  8:07  SCV x2  
  93  8:13  Supply Depot  
  93  8:15  Supply Depot  
  93  8:16  Supply Depot x2  
  93  8:25  Marauder  
  92  8:28  Marauder  
  90  8:38  Marauder, Marine x3  
  90  8:39  Marine  
  96  8:47  Marauder  
  98  8:49  Marauder  
  98  9:00  Marauder  
  98  9:01  Terran Infantry Weapons Level 2, Terran Infantry Armor Level 2  
  100  9:06  Siege Tank  
  100  9:07  Medivac  
  105  9:10  Supply Depot  
  105  9:12  Supply Depot  
  105  9:23  Orbital Command  
  105  9:29  Marauder x2, Marine x3  
  105  9:30  Marine  
  115  9:31  Marauder  
  115  9:45  SCV x2  
  117  9:49  SCV  
  118  9:54  Marauder  
  118  9:55  Barracks, Marauder x2, Marine x2  
  118  9:56  Barracks  
  118  9:57  Barracks, SCV x2  
  128  10:01  SCV  
  129  10:09  SCV  
  130  10:24  Marauder x2, Marine  
  130  10:25  Medivac x2, Marauder  
  141  10:54  Siege Tank  
  132  11:03  Marine x4  
  132  11:04  Marauder x3  
  99  11:19  Medivac x2  
  99  11:21  Marine x2  
  99  11:22  Marine x5  
  99  11:25  Marauder x3  
  116  11:32  Refinery  
  116  11:35  Refinery  
  116  11:39  Marine x2  
  118  11:43  Ghost Academy  
  118  11:44  Barracks Tech Lab, Barracks Reactor  
  118  11:45  Marine x3  
  118  11:46  Marauder, Marine x2  
  125  11:53  Medivac x2  
  129  11:56  SCV x2  
  129  11:57  Marine, SCV  
  133  12:04  Sensor Tower  
  133  12:08  SCV x2  
  128  12:27  Marine x2  
  128  12:28  Marauder x4, Marine x3  
  141  12:35  Marine x2  
  116  12:45  Marine  
  116  12:49  Marauder x2  
  116  12:50  Marauder  
Tags
 
Add a new tag
Caveats
  • Supply blocks, unpowered buildings, or Contaminate may cause inaccurate times.
  • Supply counts are checked every 10 seconds.